 Dungeon Crawl Stone Soup version 0.13-a0-2884-gbbf8bdf (webtiles) character file.

555 M4edhros the Poker (level 7, -2/46 HPs)
             Began as an Octopode Death Knight on Aug 29, 2013.
             Was a Priest of Yredelemnul.
             Slain by Dowan
             ... wielding a +0,+0 elven dagger
              (3 damage)
             ... on Level 4 of the Dungeon.
             The game lasted 00:05:58 (3261 turns).

M4edhros the Poker (Octopode Death Knight)          Turns: 3261, Time: 00:05:58

HP  -2/46        AC  1     Str 12      XL: 7   Next:  2%
MP  20/20        EV 13     Int 15      God: Yredelemnul [***...]
Gold 115         SH  0     Dex 12      Spells:  0 memorised,  6 levels left

Res.Fire  : . . .   See Invis. : +   a - +1 spear {=f}
Res.Cold  : . . .   Warding    : .   (no shield)
Life Prot.: . . .   Conserve   : .   (helmet restricted)
Res.Poison: .       Res.Corr.  : .   m - amulet of stasis
Res.Elec. : .       Clarity    : .   h - ring of see invisible
Sust.Abil.: . .     Spirit.Shd : .   e - ring of magical power
Res.Mut.  : .       Stasis     : +   (no ring)
Res.Rott. : .       Flight     : .   (no ring)
Saprovore : . . .                    (no ring)
                                     (no ring)
                                     (no ring)
                                     (no ring)

@: slightly resistant to hostile enchantments, fairly stealthy
A: almost no armour, amphibious, 8 rings, constrict 8, camouflage 1, AC +1
a: Animate Dead, Recall Undead Slaves, Injury Mirror, Renounce Religion


You were on level 4 of the Dungeon.
You worshipped Yredelemnul.
Yredelemnul was greatly pleased with you.
You were hungry.

You visited 1 branch of the dungeon, and saw 4 of its levels.

You collected 95 gold pieces.

Inventory:

Hand weapons
 a - a +1,+1 spear (weapon) {=f}
Missiles
 l - 22 stones (quivered)
Comestibles
 c - 2 bread rations
 d - 4 meat rations
 f - a lemon
 k - 2 chokos
 n - a sausage
Scrolls
 b - a scroll of remove curse
 g - a scroll of noise
Jewellery
 e - a ring of magical power (right tentacle)
 h - a ring of see invisible (left tentacle)
 m - an amulet of stasis (around mantle)
Potions
 j - a potion of restore abilities


   Skills:
 + Level 4.2 Fighting
 + Level 4.5 Polearms
 + Level 4.3 Dodging
 - Level 3.0 Invocations


You had 6 spell levels left.
You didn't know any spells.

Dungeon Overview and Level Annotations

Branches:
Dungeon (4/27)
 Temple: D:4-7

Altars:
Okawaru
Trog

Annotations:
D:4 Dowan


Innate Abilities, Weirdness & Mutations

You cannot wear most types of armour.
You are amphibious.
You can wear up to eight rings at the same time.
You can use your tentacles to constrict many enemies at once.
Your skin changes colour to match your surroundings (Stlth).
Your rubbery body absorbs attacks (AC +1).


Message History

Dowan seems to find hidden reserves of power!
You have reached level 7!
Dowan casts a spell at you. The stone arrow misses you.
Unknown command.
Unknown command.
You miss Dowan. Your grab misses Dowan. You squeeze Dowan!
Dowan is heavily wounded.
Dowan hits you with an elven dagger.
* * * LOW HITPOINT WARNING * * *
Dowan points at you and mumbles some strange words.
The stone arrow misses you.
Unknown command.
Unknown command.
Unknown command.
You hit Dowan. Your grab misses Dowan.
Dowan is severely wounded.
Dowan hits you with an elven dagger.
You die...
Your body rises from the dead as a mindless zombie.

#### ...# ...#
...######### #####
...!..z.z..# #...#
##########.####...#
#......@z#
..............e.......
.####.#....#####.$..
##### #.###### ..#
#...# #. # #...# #.
....# #. ...## . "..#


You could see Dowan and a friendly gnoll zombie.

Vanquished Creatures
  An ogre (D:3)
  Duvessa (D:4)
  A crimson imp (D:3)
  A gnoll shaman (D:4)
  2 adders (D:3)
  6 gnolls
  2 worms
  3 oozes (D:1)
  6 orcs (D:3)
  A ball python (D:1)
  4 giant cockroaches
  5 hobgoblins
  6 jackals (D:1)
  7 kobolds
  A quokka (D:4)
  8 bats
  2 giant geckos
  5 giant newts
  5 goblins
  A kobold skeleton (D:4)
  11 rats
79 creatures vanquished.

Vanquished Creatures (collateral kills)
  An ogre (D:4)
  A gnoll (D:4)
  A kobold (D:4)
3 creatures vanquished.

Vanquished Creatures (others)
  A bat zombie (D:4)
1 creature vanquished.

Grand Total: 83 creatures vanquished

Notes
Turn   | Place    | Note
--------------------------------------------------------------
     0 | D:1      | M4edhros, the Octopode Death Knight, began the quest for the Orb.
     0 | D:1      | Reached XP level 1. HP: 14/14 MP: 2/2
     4 | D:1      | Noticed a jelly
   219 | D:1      | Reached XP level 2. HP: 9/19 MP: 4/4
   703 | D:1      | Reached XP level 3. HP: 18/24 MP: 5/5
   792 | D:1      | Acquired Yredelemnul's second power
  1516 | D:3      | Reached XP level 4. HP: 13/30 MP: 7/7
  1668 | D:3      | Noticed an ogre
  1676 | D:3      | Gained mutation: You are dopey. (Int -2) [potion of mutation]
  1676 | D:3      | Gained mutation: You occasionally shout uncontrollably. [potion of mutation]
  1678 | D:3      | HP: 1/30 [ogre/giant club (10)]
  1682 | D:3      | Killed an ogre
  1682 | D:3      | Reached XP level 5. HP: 1/36 MP: 8/8
  2013 | D:3      | HP: 1/36 [poison (a potion of poison)]
  2433 | D:3      | Reached XP level 6. HP: 28/41 MP: 10/10
  2947 | D:4      | Found a bloodstained altar of Trog.
  2959 | D:4      | Acquired Yredelemnul's third power
  2966 | D:4      | Reached skill level 4 in Polearms
  3149 | D:4      | Found an iron altar of Okawaru.
  3239 | D:4      | Noticed Dowan
  3242 | D:4      | Noticed Duvessa
  3256 | D:4      | Lost mutation: You are dopey. (Int -2) [potion of cure mutation]
  3256 | D:4      | Lost mutation: You occasionally shout uncontrollably. [potion of cure mutation]
  3259 | D:4      | Killed Duvessa
  3259 | D:4      | Reached XP level 7. HP: 3/46 MP: 11/11
  3260 | D:4      | HP: 1/46 [Dowan/elven dagger (2)]
  3261 | D:4      | Slain by Dowan

Action                   |  1- 3 |  4- 6 |  7- 9 || total
-------------------------+-------+-------+-------++-------
Melee: Spear             |   120 |   132 |     2 ||   254
Invok: Animate Dead      |       |     2 |       ||     2
  Use: Potion            |       |    10 |       ||    10
       Scroll            |       |     7 |       ||     7
 Stab: Sleeping          |     4 |     3 |       ||     7
       Distracted        |     2 |     2 |       ||     4
